 Dungeon Crawl Stone Soup version 0.22.1-2-g9c5b331 (webtiles) character file.

17315 mimixer the Severer (level 12, -2/105 HPs)
             Began as a Minotaur Gladiator on Dec 10, 2018.
             Slain by a seven-headed hydra (3 damage)
             ... on level 12 of the Dungeon.
             The game lasted 01:19:22 (14401 turns).

mimixer the Severer (Minotaur Gladiator)           Turns: 14401, Time: 01:19:24

Health: -2/105     AC:  8    Str: 23    XL:     12   Next: 17%
Magic:  0/11       EV: 14    Int:  5    God:
Gold:   814        SH: 12    Dex: 13    Spells: 11/11 levels left

rFire    . . .     SeeInvis +   U - +0 morningstar (holy)
rCold    + . .     Gourm    .   N - +1 shield
rNeg     . . .     Faith    .   K - +0 leather armour {rC+}
rPois    .         Spirit   +   c - +0 hat
rElec    .         Reflect  .   (no cloak)
rCorr    +         Harm     .   h - +2 pair of gloves
MR       .....                  H - +0 pair of boots
Stlth    ++++......             k - amulet of guardian spirit
HPRegen  0.27/turn              o - ring of resist corrosion
MPRegen  0.12/turn              O - ring of see invisible

@: no status effects
A: retaliatory headbutt, horns 2
a: no special abilities


You were on level 12 of the Dungeon.
You were hungry.

You visited 2 branches of the dungeon, and saw 13 of its levels.
You also visited: Bailey.

You collected 814 gold pieces.

Inventory:

Hand Weapons
 a - a +0 war axe
 r - a cursed -3 short sword
 D - a +0 dagger of venom
 G - a +0 rapier
 L - a +5 flail of holy wrath
 M - a +0 dagger of protection
 R - a +2 dagger of distortion
 U - a +0 morningstar of holy wrath (weapon)
Missiles
 d - 4 throwing nets (quivered)
Armour
 b - a +0 leather armour
 c - a +0 hat (worn)
 h - a +2 pair of gloves (worn)
 v - a +0 plate armour
 H - a +0 pair of boots (worn)
 K - a +0 leather armour of cold resistance (worn)
 N - a +1 shield (worn)
 S - a +1 robe of the Archmagi
Magical Staves
 J - an uncursed staff of death
Jewellery
 k - an amulet of guardian spirit (around neck)
 o - a ring of resist corrosion (left hand)
 p - an uncursed amulet of magic regeneration
 q - a +3 ring of intelligence
 s - an uncursed ring of fire
 I - an uncursed ring of poison resistance
 O - a ring of see invisible (right hand)
 T - an uncursed amulet of the gourmand
Wands
 m - a wand of scattershot (9)
 z - a wand of iceblast (5)
 B - a wand of acid (5)
 F - a wand of paralysis (21)
 X - a wand of flame (20)
Scrolls
 e - 2 scrolls of remove curse
 i - 2 scrolls of fear {unknown}
 l - 2 scrolls of noise
 n - 3 scrolls of enchant armour
 t - a scroll of magic mapping {unknown}
 u - 5 scrolls of enchant weapon {unknown}
 x - 2 scrolls of teleportation
 y - 2 scrolls of fog {unknown}
 E - a scroll of amnesia {unknown}
 P - a scroll of blinking {unknown}
 Q - a scroll of vulnerability {unknown}
 V - a scroll of acquirement {unknown}
Potions
 g - 2 potions of degeneration
 j - 9 potions of curing
 w - 3 potions of mutation
 A - a potion of berserk rage {unknown}
 C - a potion of lignification
 Y - a potion of haste {unknown}
Miscellaneous
 W - a lamp of fire
Comestibles
 f - 20 rations


   Skills:
 + Level 9.4 Fighting
 + Level 15.0 Axes
 + Level 0.4(10.1) Maces & Flails
 + Level 2.0 Throwing
 + Level 6.2 Armour
 + Level 7.7 Dodging
 * Level 8.3 Stealth
 + Level 6.2 Shields
 + Level 1.1 Evocations


You had 11 spell levels left.
You didn't know any spells.
Your spell library contained the following spells:

 Spells                   Type           Power        Failure   Level  Hunger
 Freeze                   Ice            #...         88%         1    ##.....
 Sting                    Conj/Pois      #...         88%         1    ##.....
 Poisonous Vapours        Pois/Air       #.....       96%         2    ###....
 Throw Frost              Conj/Ice       #.....       96%         2    ###....
 Mephitic Cloud           Conj/Pois/Air  #.......     99%         3    ####...
 Ozocubu's Armour         Chrm/Ice       #.......     99%         3    ####...
 Olgreb's Toxic Radiance  Pois           #.......     100%        4    #####..
 Summon Ice Beast         Ice/Summ       #.......     100%        4    #####..
 Throw Icicle             Conj/Ice       #.......     100%        4    #####..
 Irradiate                Conj/Tmut      #.........   100%        5    ######.
 Venom Bolt               Conj/Pois      #.........   100%        5    ######.
 Hydra Form               Tmut           #.........   100%        6    #######
 Statue Form              Tmut/Erth      #........    100%        6    #######
 Dragon Form              Tmut           #.........   100%        7    #######


Dungeon Overview and Level Annotations

Branches:
Dungeon (12/15)            Temple (0/1) D:6            Lair (1/6) D:11
    Orc (0/2) D:9

Altars:
Ashenzari
Dithmenos
Elyvilon
Fedhas
Gozag
Qazlal
Trog

Shops:
D:8 *

Annotations:
D:3 Natasha
D:11 exclusion: oklob plant


Innate Abilities, Weirdness & Mutations

You reflexively headbutt those who attack you in melee.
You have a pair of horns on your head.


Message History

The seven-headed hydra closely misses you.
The seven-headed hydra completely misses you.
The seven-headed hydra closely misses you.
The seven-headed hydra bites you but does no damage.
The seven-headed hydra bites you! x2
* * * LOW HITPOINT WARNING * * *
The seven-headed hydra misses you.
Evoke which item? (* to show all) (? for menu, Esc to quit)
Aiming: Paralyse
Press: ? - help, Shift-Dir - straight line, f/p - seven-headed hydra
Aim: a seven-headed hydra (chance to defeat MR: 18%)
The seven-headed hydra resists with almost no effort.
The seven-headed hydra barely misses you.
You block the seven-headed hydra's attack.
The seven-headed hydra bites you!
* * * LOW HITPOINT WARNING * * *
The seven-headed hydra bites you!
* * * LOW HITPOINT WARNING * * *
The seven-headed hydra bites you.
You die...

#........####..........#.
#......................#.
#.............H..<......#
#########......###########.......
#..............#.........#H.>...#
#..............#.........#.....#.
..............H#.........#.....#.
...............####'######.....#.
.....#####......@DH............#.
..... #....###########......#.
.... ###### #......#. .YY.
#......# ... #......# ...
########


You could see a seven-headed hydra and a hippogriff.

Vanquished Creatures
  Harold (D:8)
  5 two-headed ogres
  Sonja (D:10)
  A skeletal warrior (D:11)
  An unseen horror (D:11)
  Pikel (D:8)
  A cyclops (D:11)
  A centaur zombie (D:11)
  A black mamba (Lair:1)
  Joseph (D:8)
  Psyche (D:8)
  2 trolls
  Prince Ribbit (D:6)
  A hornet (D:9)
  A hippogriff (D:12)
  A vampire (D:12)
  A human (D:7)
  9 yaks
  3 hogs (D:7)
  Edmund (D:6)
  A water moccasin (D:12)
  A black bear (D:11)
  4 ice beasts
  2 porcupines (Lair:1)
  5 orc warriors
  4 sky beasts
  A slave (D:8)
  10 ogres
  2 necrophages (D:10)
  5 centaurs
  5 phantoms
  6 wolves (Lair:1)
  2 crocodiles
  A big kobold (D:11)
  5 bullfrogs
  Blork the orc (D:6)
  A water moccasin zombie (D:6)
  2 scorpions
  A water moccasin skeleton (D:7)
  8 howler monkeys
  6 crimson imps
  6 hounds
  5 orc priests
  A centaur skeleton (D:7)
  2 jellies
  9 orc wizards
  A bullfrog skeleton (D:10)
  7 iguanas
  Natasha (twice) (D:3)
  A hell rat (D:7)
  6 worker ants
  A hound zombie (D:6)
  2 hound skeletons
  A worker ant zombie (D:8)
  7 adders
  6 gnolls
  A howler monkey skeleton (D:7)
  9 river rats (D:7)
  4 shadow imps
  3 adder skeletons
  2 worms
  3 dart slugs
  5 leopard geckos
  25 orcs
  A ball python (D:1)
  6 bats
  4 giant cockroaches
  22 goblins
  6 hobgoblins
  17 jackals
  11 kobolds
  7 quokkas
  7 frilled lizards
  2 leopard gecko skeletons
  A quokka skeleton (D:4)
  A quokka zombie (D:7)
  24 rats
  A rat (shapeshifter) (D:12)
  A plant (D:11)
328 creatures vanquished.

Vanquished Creatures (others)
  A slave (D:8)
  An adder skeleton (D:8)
2 creatures vanquished.

Grand Total: 330 creatures vanquished

Notes
Turn   | Place    | Note
-------+----------+-------------------------------------------
     0 | D:1      | mimixer the Minotaur Gladiator began the quest for the Orb.
     0 | D:1      | Reached XP level 1. HP: 18/18 MP: 0/0
   143 | D:1      | Reached XP level 2. HP: 25/25 MP: 1/1
   157 | D:1      | Reached skill level 4 in Axes
   340 | D:1      | Reached XP level 3. HP: 29/30 MP: 2/2
  1337 | D:3      | Reached skill level 1 in Armour
  1337 | D:3      | Reached XP level 4. HP: 5/37 MP: 3/3
  1842 | D:3      | Noticed a phantom
  1869 | D:3      | Killed a phantom
  1869 | D:3      | Reached skill level 5 in Axes
  1869 | D:3      | Reached skill level 1 in Stealth
  1869 | D:3      | Reached XP level 5. HP: 28/45 MP: 4/4
  2055 | D:3      | Noticed Natasha
  2064 | D:3      | Killed Natasha
  2294 | D:3      | Found a shattered altar of Ashenzari.
  2324 | D:3      | Noticed Natasha
  2334 | D:3      | Killed Natasha
  2442 | D:3      | Noticed Natasha
  2495 | D:4      | Reached XP level 6. HP: 31/51 MP: 3/5
  2503 | D:4      | Found a bloodstained altar of Trog.
  2782 | D:4      | Reached skill level 6 in Axes
  3121 | D:4      | Reached XP level 7. HP: 57/58 MP: 6/6
  3354 | D:5      | Entered Level 5 of the Dungeon
  3402 | D:5      | Reached skill level 7 in Axes
  4065 | D:5      | Found a blossoming altar of Fedhas.
  4069 | D:5      | Found a stormy altar of Qazlal.
  4221 | D:5      | Found a shadowy altar of Dithmenos.
  4565 | D:6      | Found a staircase to the Ecumenical Temple.
  4575 | D:6      | Noticed Prince Ribbit
  4589 | D:6      | Reached skill level 8 in Axes
  4591 | D:6      | Killed Prince Ribbit
  4591 | D:6      | Reached XP level 8. HP: 43/67 MP: 5/7
  4832 | D:6      | Noticed Edmund
  4839 | D:6      | Killed Edmund
  4839 | D:6      | Reached skill level 5 in Dodging
  4845 | D:6      | Reached skill level 9 in Axes
  4900 | D:5      | Reached skill level 5 in Fighting
  5288 | D:6      | Noticed Blork the orc
  5294 | D:6      | Killed Blork the orc
  5294 | D:6      | Reached skill level 10 in Axes
  5514 | D:7      | Found a flagged portal.
  5577 | Bailey   | Entered a bailey
  5944 | D:7      | Reached XP level 9. HP: 73/74 MP: 8/8
  6178 | D:7      | Reached skill level 1 in Evocations
  6349 | D:7      | Reached skill level 11 in Axes
  6770 | D:7      | Reached skill level 5 in Stealth
  6777 | D:7      | Reached skill level 1 in Shields
  7421 | D:8      | Reached skill level 12 in Axes
  7425 | D:8      | Noticed a two-headed ogre
  7435 | D:8      | Killed a two-headed ogre
  7435 | D:8      | Reached XP level 10. HP: 46/84 MP: 4/9
  7628 | D:8      | Reached skill level 5 in Armour
  7683 | D:8      | Noticed Psyche
  7690 | D:8      | Found a white marble altar of Elyvilon.
  7717 | D:8      | Noticed Joseph
  7717 | D:8      | Noticed Harold
  7749 | D:8      | Noticed Pikel
  7775 | D:8      | Killed Pikel
  7780 | D:8      | Killed Joseph
  7826 | D:8      | Killed Harold
  7826 | D:8      | Reached skill level 13 in Axes
  8322 | D:8      | Found Ruvvin's Assorted Antiques.
  8329 | D:8      | Killed Psyche
  8574 | D:8      | Found an opulent altar of Gozag.
  8968 | D:9      | Found a staircase to the Orcish Mines.
  9797 | D:9      | Reached XP level 11. HP: 73/92 MP: 8/10
 10187 | D:9      | Noticed a two-headed ogre
 10187 | D:9      | Noticed a two-headed ogre
 10195 | D:9      | Noticed a two-headed ogre
 10200 | D:9      | Killed a two-headed ogre
 10205 | D:9      | Killed a two-headed ogre
 10632 | D:10     | Entered Level 10 of the Dungeon
 10640 | D:10     | Noticed Sonja
 10663 | D:10     | Killed Sonja
 10667 | D:10     | Noticed a two-headed ogre
 10680 | D:10     | Killed a two-headed ogre
 10680 | D:10     | Reached skill level 14 in Axes
 11542 | D:11     | Reached skill level 5 in Shields
 11543 | D:11     | Noticed an unseen horror
 11562 | D:11     | Killed an unseen horror
 11723 | D:11     | Noticed an oklob plant
 11996 | D:11     | Found a staircase to the Lair.
 12343 | D:11     | Noticed a two-headed ogre
 12351 | D:11     | Killed a two-headed ogre
 12794 | Lair:1   | Entered Level 1 of the Lair of Beasts
 13428 | Lair:1   | Noticed a seven-headed hydra
 13552 | D:12     | Reached XP level 12. HP: 89/104 MP: 9/11
 13813 | D:12     | Found a bloodstained altar of Trog.
 13891 | D:12     | Reached skill level 15 in Axes
 13926 | D:12     | Noticed a seven-headed hydra
 14401 | D:12     | HP: 1/105 [seven-headed hydra (10)]
 14401 | D:12     | Slain by a seven-headed hydra

Skill      XL: |  1  2  3  4  5  6  7  8  9 10 11 12 |
---------------+-------------------------------------+-----
Axes           | 4 5 6 8 10 12 13 14 15 | 15.0
Dodging        | 4 5 6 7 |  7.7
Armour         | 1 2 3 4 5 6 |  6.2
Fighting       | 3 4 5 6 7 9 |  9.4
Stealth        | 1 2 3 4 5 6 8 |  8.3
Evocations     | 1 |  1.1
Shields        | 2 4 5 6 |  6.2
Maces & Flails | |  0.4
Throwing       | |  2.0

Action                   |  1- 3 |  4- 6 |  7- 9 | 10-12 || total
-------------------------+-------+-------+-------+-------++-------
Melee: War axe           |    89 |   103 |   306 |   510 ||  1008
       Headbutt          |    13 |    18 |    57 |   126 ||   214
       Morningstar       |       |       |       |    18 ||    18
Evoke: Wand              |       |     1 |     5 |     4 ||    10
  Use: Scroll            |       |     6 |     3 |     3 ||    12
       Potion            |       |       |     3 |     7 ||    10
 Stab: Sleeping          |       |     2 |     8 |    10 ||    20
       Distracted        |       |       |       |     1 ||     1
  Eat: Chunk             |       |     7 |    14 |    15 ||    36
       Ration            |       |       |       |     2 ||     2
Armor: Leather armour    |    22 |    27 |    51 |    93 ||   193
Dodge: Dodged            |    48 |    71 |   193 |   185 ||   497
Block: Shield            |       |       |    31 |   162 ||   193
